Map: Frozen Temple

Players

Miszu

  • Race: Terran Terran
  • League: Master

MaY - Winner!

  • Race: Zerg Zerg
  • League: Grandmaster

VOD

Have the link to the VOD?

Description

Time

  • Played on: May 2, 2016, 10:15 a.m.
  • Length: 15:31
Show
View Real Time Build Order
Export as new Build Order

Miszu Terran 

Build Orders: Reaper Expand, Hellion Banshee 

Get SALT Encoding   

  12  0:02  SCV  
  13  0:14  SCV  
  14  0:17  Supply Depot  
  14  0:26  SCV  
  15  0:39  Barracks, SCV  
  16  0:44  Refinery  
  16  0:51  SCV  
  17  1:03  SCV  
  18  1:15  SCV  
  19  1:27  Orbital Command  
  19  1:28  Reaper  
  20  1:41  Command Center  
  20  1:53  SCV  
  21  1:54  Supply Depot  
  21  2:00  Marine  
  22  2:10  Factory  
  22  2:12  SCV  
  23  2:26  SCV  
  23  2:27  Barracks Reactor  
  24  2:36  Refinery  
  24  2:38  SCV  
  25  2:50  SCV  
  26  2:53  Orbital Command  
  26  2:58  Starport  
  26  3:02  SCV  
  27  3:10  Hellion x2, Barracks Tech Lab  
  31  3:14  SCV  
  31  3:18  SCV  
  31  3:19  Supply Depot  
  33  3:27  SCV  
  34  3:30  SCV  
  34  3:31  Hellion x2  
  39  3:39  SCV  
  40  3:43  SCV  
  40  3:45  Armory  
  41  3:51  Banshee  
  41  3:52  SCV  
  41  3:55  SCV  
  46  3:58  Supply Depot, Hellion  
  48  4:04  SCV  
  48  4:07  SCV  
  50  4:16  SCV  
  51  4:19  Hellion  
  51  4:20  Hellion  
  51  4:21  Supply Depot  
  51  4:22  SCV  
  56  4:28  SCV  
  57  4:34  Cloaking Field, SCV, Banshee  
  61  4:40  SCV  
  61  4:41  Command Center  
  61  4:44  Supply Depot  
  62  4:46  SCV  
  64  4:52  SCV  
  64  4:53  Hellion  
  64  4:54  Hellion  
  64  4:59  SCV  
  65  5:13  SCV  
  56  5:16  SCV  
  56  5:18  Banshee  
  56  5:19  Refinery x2  
  60  5:21  Hellion x2  
  60  5:25  SCV  
  60  5:27  Starport x2  
  62  5:28  Supply Depot, SCV  
  62  5:37  SCV  
  62  5:40  SCV  
  66  5:43  Hellion x2  
  66  5:49  SCV  
  69  5:52  SCV  
  69  5:54  Orbital Command  
  70  6:01  SCV  
  71  6:04  SCV  
  72  6:13  Supply Depot, SCV  
  72  6:16  SCV  
  74  6:23  Orbital Command  
  74  6:24  Starport Tech Lab  
  74  6:25  SCV  
  75  6:26  Banshee  
  75  6:28  Liberator x2  
  75  6:29  SCV  
  75  6:32  Terran Ship Weapons Level 1, Armory  
  79  6:37  SCV  
  80  6:41  SCV  
  80  6:43  Supply Depot  
  80  6:45  Engineering Bay  
  87  6:49  SCV  
  87  6:50  SCV  
  87  6:53  SCV  
  90  7:01  SCV  
  90  7:02  SCV  
  90  7:05  SCV  
  90  7:06  Banshee  
  96  7:09  Refinery, Fusion Core  
  96  7:10  Refinery  
  96  7:13  SCV  
  96  7:14  Command Center, SCV  
  96  7:15  Supply Depot  
  98  7:16  Supply Depot x2, Liberator  
  98  7:17  SCV  
  98  7:20  Banshee  
  102  7:23  Missile Turret  
  102  7:25  Liberator, Missile Turret  
  102  7:26  SCV x2, Terran Vehicle And Ship Armor Level 1  
  102  7:27  Missile Turret  
  102  7:29  SCV  
  105  7:31  Missile Turret  
  105  7:32  Missile Turret  
  105  7:38  SCV  
  105  7:39  SCV  
  105  7:40  Supply Depot  
  105  7:41  SCV  
  111  7:55  SCV x2  
  111  7:58  Hyperflight Rotors  
  113  8:01  Liberator  
  113  8:03  SCV  
  114  8:06  Banshee  
  114  8:08  Command Center  
  119  8:15  Starport x2  
  120  8:26  Factory Reactor  
  120  8:35  Liberator  
  120  8:40  Advanced Ballistics  
  120  8:49  Banshee  
  120  8:53  Refinery  
  126  8:58  Refinery, Liberator  
  126  8:59  Factory  
  126  9:01  Banshee  
  129  9:06  Missile Turret  
  129  9:07  Missile Turret  
  129  9:09  Command Center  
  132  9:19  Hellion x2  
  126  9:26  SCV  
  126  9:30  Orbital Command  
  124  9:32  Banshee  
  124  9:33  Starport Tech Lab  
  124  9:34  Starport Tech Lab  
  124  9:35  Command Center  
  124  9:37  Command Center  
  127  9:44  Banshee  
  121  10:02  Banshee  
  121  10:03  Banshee  
  127  10:11  Planetary Fortress  
  127  10:14  Refinery  
  127  10:15  Banshee  
  127  10:24  Factory Tech Lab  
  127  10:25  Hellion x2  
  127  10:27  Banshee  
  134  10:32  Refinery  
  133  10:44  Liberator x4  
  133  10:45  Banshee  
  133  10:49  SCV  
  129  10:52  SCV  
  129  10:54  SCV  
  131  11:02  Liberator, Orbital Command  
  143  11:08  SCV x2  
  143  11:11  Command Center  
  145  11:13  Siege Tank  
  145  11:17  Command Center  
  145  11:20  Command Center  
  145  11:21  Refinery x2  
  145  11:22  Hellion x2, Infernal Pre-Igniter  
  145  11:23  Command Center  
  152  11:30  Liberator x2  
  155  11:33  Planetary Fortress  
  155  11:36  Missile Turret  
  155  11:43  Hellion  
  157  11:54  Liberator x4  
  166  12:06  SCV x5  
  177  12:18  SCV x4  
  181  12:29  SCV x3  
  184  12:30  Command Center  
  184  12:33  Liberator x2  
  184  12:36  Liberator  
  184  12:37  Liberator  
  187  12:52  Liberator x2, Terran Ship Weapons Level 2  
  187  12:53  Terran Vehicle And Ship Armor Level 2  
  187  12:56  Orbital Command x3  
  199  13:16  Liberator  
  196  13:27  Weapon Refit  
  196  13:33  Planetary Fortress  
  196  13:54  Missile Turret x2  
  196  13:57  Medivac, Liberator  
  196  13:58  Command Center  
  196  13:59  Hi-Sec Auto Tracking  
  196  14:00  Missile Turret  
  196  14:01  Missile Turret  
  196  14:02  Missile Turret x2  
  195  14:05  Refinery  
  195  14:06  Refinery  
Show
View Real Time Build Order
Export as new Build Order

MaY Zerg - Winner!

Build Orders: Pool First 

Get SALT Encoding   

  12  0:01  Drone  
  13  0:21  Spawning Pool  
  13  0:24  Drone  
  13  0:29  Drone  
  13  0:33  Extractor  
  13  0:35  Drone  
  14  0:39  Extractor  
  14  0:45  Overlord  
  15  1:08  Queen  
  15  1:09  Zergling x6  
  20  1:21  Zergling x2  
  21  1:32  Hatchery  
  20  1:33  Zergling x2  
  21  1:43  Overlord  
  21  1:57  Drone  
  22  2:01  Queen  
  22  2:04  Drone  
  25  2:19  Drone x3  
  25  2:20  Drone  
  28  2:31  Overlord  
  28  2:37  Queen  
  30  2:45  Drone x2  
  30  2:49  Drone  
  33  2:54  Drone  
  34  3:01  Drone  
  35  3:09  Hatchery  
  34  3:13  Queen  
  34  3:17  Drone x2  
  38  3:22  Queen  
  38  3:25  Drone  
  41  3:29  Extractor, Drone  
  41  3:31  Drone  
  42  3:36  Overlord  
  42  3:47  Drone x2  
  42  3:48  Overlord  
  44  3:55  Overlord  
  44  3:58  Drone  
  44  3:59  Drone x3  
  48  4:05  Queen  
  50  4:12  Queen  
  50  4:16  Drone x2  
  54  4:18  Drone  
  54  4:21  Drone  
  54  4:22  Extractor  
  55  4:26  Queen  
  57  4:34  Drone  
  57  4:35  Drone x4  
  62  4:40  Metabolic Boost  
  62  4:44  Drone  
  62  4:45  Drone x2  
  65  4:51  Queen  
  62  5:11  Queen x2  
  63  5:18  Drone  
  63  5:19  Drone x7  
  71  5:28  Evolution Chamber x2  
  71  5:33  Lair  
  67  5:35  Extractor  
  67  5:36  Extractor, Drone x8  
  67  5:39  Extractor  
  67  5:41  Extractor  
  71  5:43  Spore Crawler  
  71  5:46  Queen  
  71  5:52  Spore Crawler  
  71  5:53  Queen  
  72  5:57  Zerg Melee Weapons Level 1  
  72  5:58  Zerg Ground Armor Level 1  
  72  6:02  Spore Crawler  
  68  6:06  Drone x7  
  72  6:13  Drone  
  72  6:14  Drone  
  72  6:15  Drone  
  73  6:22  Drone  
  73  6:24  Overlord  
  73  6:25  Baneling Nest  
  73  6:36  Queen  
  73  6:41  Queen x2  
  73  6:43  Overseer  
  77  6:53  Drone  
  77  6:54  Drone x4  
  82  6:56  Overlord x2  
  82  7:10  Overlord x2  
  82  7:11  Centrifical Hooks  
  82  7:16  Drone x7  
  82  7:17  Drone  
  82  7:21  Drone x3  
  93  7:36  Zergling x2  
  96  7:37  Zergling x18  
  96  7:38  Infestation Pit  
  96  7:39  Zergling x2  
  100  7:47  Drone  
  100  7:48  Drone x3  
  101  7:59  Zerg Melee Weapons Level 2  
  101  8:00  Zerg Ground Armor Level 2  
  101  8:01  Hatchery  
  100  8:16  Hive  
  100  8:19  Overlord, Drone x4  
  104  8:20  Overlord, Zergling x2  
  104  8:21  Zergling x8  
  109  8:37  Zergling x2  
  109  8:38  Zergling x22  
  121  8:47  Overlord  
  121  8:55  Extractor  
  121  8:56  Extractor  
  121  8:59  Zergling x18  
  121  9:02  Baneling  
  128  9:03  Baneling x17  
  128  9:04  Baneling x5  
  125  9:16  Drone  
  126  9:17  Drone x7  
  129  9:32  Adrenal Glands  
  129  9:33  Spire  
  129  9:36  Ultralisk Cavern  
  125  9:49  Drone  
  125  9:50  Drone x14  
  140  9:52  Spore Crawler  
  140  9:58  Spore Crawler  
  130  10:18  Drone x3  
  130  10:19  Drone  
  130  10:31  Chitinous Plating  
  130  10:32  Zerg Melee Weapons Level 3  
  130  10:33  Zerg Ground Armor Level 3  
  127  10:56  Hatchery  
  112  10:59  Ultralisk  
  112  11:00  Ultralisk x4  
  133  11:07  Drone x3  
  133  11:08  Drone x3  
  133  11:10  Overlord  
  138  11:18  Overlord x2  
  138  11:25  Drone x3  
  140  11:26  Drone x3  
  140  11:29  Overlord  
  144  11:43  Corruptor  
  144  11:44  Corruptor x2  
  144  11:45  Corruptor  
  150  11:57  Corruptor x3  
  156  12:04  Corruptor  
  159  12:10  Corruptor  
  159  12:11  Corruptor x2  
  159  12:12  Corruptor  
  166  12:28  Overlord  
  166  12:29  Overlord  
  166  12:36  Overseer  
  166  12:37  Overseer  
  160  12:42  Greater Spire  
  157  12:52  Corruptor x3  
  157  12:54  Ultralisk  
  157  12:55  Ultralisk x2  
  181  13:09  Corruptor x2  
  181  13:10  Corruptor x2  
  189  13:13  Overlord  
  189  13:18  Drone x3  
  190  13:37  Spire  
  186  14:00  Hatchery  
  185  14:09  Corruptor x4  
  187  14:10  Corruptor x3  
  195  14:26  Corruptor x2  
  186  14:56  Zergling x2  
  186  14:57  Zergling x12  
Tags
 
Add a new tag
Caveats
  • Supply blocks, unpowered buildings, or Contaminate may cause inaccurate times.
  • Supply counts are checked every 10 seconds.